 Dungeon Crawl Stone Soup version 0.31.0-11-ge490571c62 (webtiles) character file.

Game seed: 7895863009013775699

60 qw the Shooter (level 3, 0/20 HPs)
             Began as a Deep Elf Hunter on Feb 3, 2024.
             Slain by a jackal (2 damage)
             ... on level 3 of the Dungeon.
             The game lasted 00:00:04 (1032 turns).

qw the Shooter (Deep Elf Hunter)                    Turns: 1032, Time: 00:00:04

Health: 0/20       AC:  3    Str: 16    XL:     3   Next: 82%
Magic:  5/5        EV: 12    Int: 13    God:
Gold:   55         SH:  0    Dex: 18    Spells: 2/2 levels left

rFire   . . .        a - +0 shortbow
rCold   . . .        (shield currently unavailable)
rNeg    . . .        c - +0 leather armour
rPois   .            (no helmet)
rElec   .            (no cloak)
rCorr   .            (no gloves)
SInv    .            (no boots)
Will    .....        (no amulet)
Stlth   ++           f - +6 ring of strength
HPRegen 0.23/turn    (no ring)
MPRegen 0.09/turn

%: no passive effects
@: no status effects
A: no striking features
a: no special abilities


You were on level 3 of the Dungeon.
You visited 1 branch of the dungeon, and saw 3 of its levels.

You collected 55 gold pieces.


   Skills:
 - Level 1.5 Fighting
 + Level 7.3 Ranged Weapons
 - Level 2.4 Dodging
 - Level 1.2 Stealth


You had 2 spell levels left.
You didn't know any spells.
Your spell library was empty.

Inventory:

Hand Weapons
 a - a +0 shortbow (weapon)
Armour
 c - a +0 leather armour (worn)
Jewellery
 f - a +6 ring of strength (left hand)
Potions
 d - a potion of curing
 e - a potion of might {unknown}
 g - a potion of cancellation {unknown}
 h - a potion of haste {unknown}

Dungeon Overview and Level Annotations

Branches:
Dungeon (3/15)

Altars:
The Shining One


Message History

You shoot an arrow. The arrow hits the jackal.
The jackal is severely wounded.
A jackal comes into view.
An orc priest comes into view. It is wielding a +0 mace.
You shoot an arrow.
The arrow hits the jackal but does no damage.
The jackal is severely wounded.
The jackal bites you.
You shoot an arrow. The arrow hits the jackal.
You kill the jackal!
The jackal bites you but does no damage.
An orc comes into view. It is wielding a +0 dagger.
You shoot an arrow. The arrow hits the orc.
You kill the orc!
The jackal bites you.
You shoot an arrow. The arrow hits the jackal.
The jackal is moderately wounded.
The jackal closely misses you. x2
The orc priest invokes the aid of Beogh against you.
Beogh smites you!
Ouch! That really hurt!
The jackal barely misses you.
You shoot an arrow. The arrow hits the jackal.
The jackal is heavily wounded.
The jackal barely misses you. The jackal bites you.
The orc hits you but does no damage.
You shoot an arrow. The arrow barely misses the jackal.
The jackal completely misses you. The jackal bites you.
The orc completely misses you. The jackal closely misses you.
The jackal barely misses you.
You shoot an arrow. The arrow hits the jackal.
You kill the jackal!
The jackal barely misses you. The orc hits you with a +0 dagger.
You shoot an arrow. The arrow barely misses the orc.
The jackal barely misses you. The orc closely misses you. x2
The jackal bites you.
You shoot an arrow. The arrow hits the orc!
You kill the orc!
The jackal bites you.
You die...

... #. ..# ...
..# ...##### !.#
##.....##..##
#..#.<..#...##
#.......#$...#
#.<._.#.@ho#
#.......#o......
#..#.<..#..##...
#.....##.## #
#....##### .#
##.. #. ## . #


You could see an orc priest, an orc and a jackal.

Vanquished Creatures
  A gnoll (D:1)
  An adder (D:2)
  A dart slug (D:1)
  A ribbon worm (D:2)
  2 orcs (D:3)
  A bat (D:1)
  An endoplasm (D:1)
  A giant cockroach (D:1)
  4 goblins
  4 hobgoblins
  2 jackals (D:3)
  2 quokkas
  4 ball pythons
  2 frilled lizards (D:1)
  7 kobolds
  3 rats
37 creatures vanquished.

Notes
Turn   | Place    | Note
-------+----------+-------------------------------------------
     0 | D:1      | qw the Deep Elf Hunter began the quest for the Orb.
     0 | D:1      | Reached XP level 1. HP: 12/12 MP: 3/3
     0 | D:1      | 0 ||| qw: Version: 0.3-a-155-g5e7d8dd
     0 | D:1      | 0 ||| qw: Game counter: 3403
     0 | D:1      | 0 ||| qw: Melee chars always use a shield: true
     0 | D:1      | 0 ||| qw: God list: Okawaru
     0 | D:1      | 0 ||| qw: Allow faded altars: false
     0 | D:1      | 0 ||| qw: Do Orc after clearing Dungeon:15 true
     0 | D:1      | 0 ||| qw: Do second Lair branch before Depths: true
     0 | D:1      | 0 ||| qw: Lair rune preference: random
     0 | D:1      | 0 ||| qw: Goals: Normal
     0 | D:1      | 0 ||| PLANNING D:1-11
   151 | D:1      | Reached XP level 2. HP: 16/16 MP: 4/4
   174 | D:1      | Reached skill level 6 in Ranged Weapons
   468 | D:1      | Reached XP level 3. HP: 20/20 MP: 5/5
   481 | D:1      | 481 ||| UPGRADING to +6 ring of strength.
   482 | D:1      | 482 ||| READING scroll labelled FUYM GELAI.
   485 | D:1      | 485 ||| READING scroll labelled IRATYKH DUEPOS.
   485 | D:1      | 485 ||| IDENTIFYING pink potion
   486 | D:1      | 486 ||| DROPPING scroll of butterflies.
   721 | D:2      | Found a glowing golden altar of the Shining One.
   807 | D:2      | Reached skill level 7 in Ranged Weapons
   898 | D:2      | 898 ||| READING scroll labelled JUNELO IVUH.
  1017 | D:3      | Found a faded altar of an unknown god.
  1030 | D:3      | HP: 2/20 [orc/+0 dagger (4)]
  1032 | D:3      | Slain by a jackal

Levels and vault maps discovered:
D:1:      eino_arrival_druids_welcome, layout_basic
D:2:      layout_rooms, basic_altar
D:3:      gammafunk_wand_slinger, layout_basic, nicolae_ecumenical_pavilion

Skill      XL: |  1  2  3 |
---------------+----------+-----
Ranged Weapons | 6 7 |  7.3
Fighting       | |  1.5
Dodging        | |  2.4
Stealth        | |  1.2

Action                     || total
---------------------------++-------
   Fire: Shortbow          ||   100
    Use: Scroll            ||     3
 Armour: Leather armour    ||    15
  Dodge: Dodged            ||    23

Table legend:
 A = Non-vault XP
 B = Vault XP
 C = Vault XP percentage of total XP
 D = Non-vault monster count
 E = Vault monster count
 F = Vault count percentage of total count
                 A         B        C        D         E       F
            +---------+---------+-------+---------+---------+-------
      Total |      90 |       0 |   0.0 |      37 |       0 |   0.0
            +---------+---------+-------+---------+---------+-------
        D:1 |      41 |       0 |   0.0 |      18 |       0 |   0.0
        D:2 |      39 |       0 |   0.0 |      15 |       0 |   0.0
        D:3 |      10 |       0 |   0.0 |       4 |       0 |   0.0
            +---------+---------+-------+---------+---------+-------
